 Dungeon Crawl Stone Soup version 0.28.0-1-gb440e238dd (webtiles) character file.

Game seed: 3055496188804856891

720 issech the Cudgeller (level 7, -3/68 HPs)
             Began as a Troll Monk on Feb 27, 2022.
             Slain by Menkaure (12 damage)
             ... on level 3 of the Dungeon.
             The game lasted 00:14:58 (3472 turns).

issech the Cudgeller (Troll Monk)                   Turns: 3472, Time: 00:14:59

Health: -3/68      AC:  6    Str: 20    XL:     7   Next: 42%
Magic:  6/6        EV: 11    Int:  6    God:
Gold:   154        SH:  0    Dex: 14    Spells: 6/6 levels left

rFire   . . .      SeeInvis .   k - +1 whip (venom)
rCold   + . .      Faith    .   m - orb {mayhem}
rNeg    . . .      Spirit   .   l - +1 robe {rC+}
rPois   .          Reflect  .   q - +1 hat
rElec   .          Harm     .   F - scarf {shadows}
rCorr   .          Rampage  .   (gloves unavailable)
Will    .....                   (boots unavailable)
Stlth   ++........              (no amulet)
HPRegen 1.01/turn               (no ring)
MPRegen 0.10/turn               (no ring)

@: no status effects
A: large, unfitting armour, claws 3, regeneration 1, shaggy fur 1, tough skin 1
a: no special abilities


You were on level 3 of the Dungeon.
You visited 1 branch of the dungeon, and saw 5 of its levels.

You collected 154 gold pieces.

Inventory:

Hand Weapons
 a - a +0 mace
 f - a +1 dagger of venom
 k - a +1 whip of venom (weapon)
 s - a +0 hunting sling
 y - a +2 quarterstaff of chaos
 D - a +4 short sword of speed
 J - a +0 dagger of protection
Missiles
 d - 12 poisoned darts (quivered)
 i - 67 stones
 u - 26 bolts
 x - 67 arrows
 E - 2 throwing nets
Armour
 b - a +0 robe
 l - a +1 robe of cold resistance (worn)
 m - an orb of mayhem (worn)
 o - a scarf of invisibility
 q - a +1 hat (worn)
 B - a +0 cloak
 F - a scarf of shadows (worn)
Magical Staves
 C - a staff of air
Wands
 H - a wand of polymorph (3)
Scrolls
 e - 4 scrolls of immolation {unknown}
 j - 6 scrolls of identify {unknown}
 n - 5 scrolls of teleportation {unknown}
 p - 2 scrolls of fear {unknown}
Potions
 c - 3 potions of degeneration {unknown}
 g - 2 potions of curing {unknown}
 h - 2 potions of lignification {unknown}
 r - a potion of attraction {unknown}
 t - a potion of invisibility {unknown}
 v - 4 potions of flight {unknown}
 w - a potion of magic {unknown}
 z - a potion of ambrosia {unknown}
 A - a potion of brilliance {unknown}
 G - 2 potions of heal wounds {unknown}
 I - a potion of berserk rage {unknown}


   Skills:
 + Level 3.8 Fighting
 + Level 5.5 Maces & Flails
 + Level 3.9 Dodging
 + Level 2.3 Stealth
 + Level 0.1 Unarmed Combat


You had 6 spell levels left.
You didn't know any spells.
Your spell library contained the following spells:

 Spells                   Type           Power      Damage    Failure   Level
 Freeze                   Ice            0%         1d3       45%         1
 Blink                    Tloc           0%         N/A       58%         2
 Frozen Ramparts          Ice            0%         1d2       83%         3
 Lesser Beckoning         Tloc           0%         N/A       83%         3
 Hailstorm                Conj/Ice       0%         3d3       99%         4
 Manifold Assault         Tloc           0%         N/A       100%        5


Dungeon Overview and Level Annotations

Branches:
Dungeon (5/15)
 Temple: D:4-7

Altars:
Qazlal

Shops:
D:4 *!

Annotations:
D:3 Menkaure


Innate Abilities, Weirdness & Mutations

You are too large for most types of armour.
You have claws for hands.
Your natural rate of healing is unusually fast.
You are covered in fur. (AC +1)
You have tough skin. (AC +1)


Message History

There is a stone staircase leading down here.
You climb downwards.
There is a stone staircase leading up here.
You climb upwards.
There is a stone staircase leading down here.
You see here a +0 dagger of protection.
J - a +0 dagger of protection You aren't carrying any pieces of jewellery.
You start removing your armour.
You continue taking off your +0 cloak. x4
You finish taking off your +0 cloak.
You start putting on your armour.
You continue putting on your scarf of shadows. x5
You finish putting on your scarf of shadows.
It gets dark.
There is a stone staircase leading up here.
You can't go down here!
You climb upwards.
Level annotation: Menkaure
There is a stone staircase leading down here.
Menkaure barely misses you. Menkaure closely misses you.
You hit Menkaure but do no damage. Menkaure hits you but does no damage.
You hit Menkaure but do no damage.
Menkaure mumbles some strange words.
Menkaure seems to speed up.
Menkaure calls on the powers of darkness!
Your body is wracked with pain!
Menkaure hits you!!
* * * LOW HITPOINT WARNING * * *
Menkaure murmurs drily.
Menkaure gestures at you while chanting.
You struggle to resist.
Menkaure calls on the powers of darkness!
Your body is wracked with pain!
* * * LOW HITPOINT WARNING * * *
Menkaure hits you!
* * * LOW HITPOINT WARNING * * *
Menkaure misses you. Menkaure hits you!
You die...

#...###..# #.# # #....#...#
#.###### #..8.#.8.## #.##...#
#....#....# #.##.#.#
#...###...# #.##M#.#
##..#####..# #....#..
#..........# #.######
#.#........######### #....#..
#.####..##..@M.....#####..#..
#.##.................>....#..
#.##.##.####.###.............
#.......# #.##...........>..
####.#### #.##.#........####
##.......# #.##.#.....#..#
##.###.##.# #.............#
#.## ##.#.#######.#......<.#
#.# #.#.##......####.)#######


You could see Menkaure (fast).

Vanquished Creatures
  Grinder (D:4)
  Duvessa (D:4)
  A black bear (D:4)
  Dowan (D:4)
  Crazy Yiuf (D:3)
  2 orc wizards (D:4)
  2 iguanas (D:4)
  2 gnolls (D:4)
  6 adders
  3 dart slugs
  7 orcs
  7 endoplasms
  4 giant cockroaches
  6 goblins
  7 hobgoblins
  4 jackals (D:1)
  2 quokkas
  2 ball pythons
  6 bats
  4 frilled lizards
  6 kobolds
  6 rats
81 creatures vanquished.

Vanquished Creatures (collateral kills)
  A gnoll (D:4)
  An endoplasm (D:4)
2 creatures vanquished.

Vanquished Creatures (others)
  An adder (D:4)
  An orc (D:4)
  A kobold (D:4)
3 creatures vanquished.

Grand Total: 86 creatures vanquished

Notes
Turn   | Place    | Note
-------+----------+-------------------------------------------
     0 | D:1      | issech the Troll Monk began the quest for the Orb.
     0 | D:1      | Reached XP level 1. HP: 22/22 MP: 0/0
   210 | D:1      | Reached XP level 2. HP: 25/29 MP: 1/1
   256 | D:1      | Reached skill level 3 in Maces & Flails
   386 | D:1      | Found a faded altar of an unknown god.
   602 | D:1      | Reached XP level 3. HP: 36/36 MP: 2/2
  1476 | D:3      | Reached XP level 4. HP: 44/44 MP: 3/3
  1806 | D:3      | Found a runed translucent door.
  1807 | D:3      | Noticed Crazy Yiuf
  2314 | D:3      | Killed Crazy Yiuf
  2387 | D:4      | Noticed Menkaure
  2392 | D:4      | Noticed Grinder
  2432 | D:4      | Reached skill level 4 in Maces & Flails
  2432 | D:4      | Reached XP level 5. HP: 17/53 MP: 4/4
  2441 | D:4      | Paralysed by Grinder for 3 turns
  2449 | D:4      | Noticed Duvessa
  2498 | D:4      | Killed Grinder
  2499 | D:4      | Reached XP level 6. HP: 54/61 MP: 5/5
  2550 | D:4      | Noticed Dowan
  2582 | D:4      | Killed Duvessa
  2637 | D:4      | Found Titish's Distillery.
  2664 | D:4      | Reached skill level 5 in Maces & Flails
  2664 | D:4      | Reached XP level 7. HP: 65/67 MP: 6/6
  2753 | D:4      | Found Ruogg's Overcharged Wands.
  2784 | D:4      | Killed Dowan
  2941 | D:4      | Found a stormy altar of Qazlal.
  3424 | D:5      | Entered Level 5 of the Dungeon
  3472 | D:3      | Slain by Menkaure

Illustrated notes

Levels and vault maps discovered:
D:1:      dpeg_arrival_radiant, layout_loops_ring,
          ebering_ecumenical_altar_sacrificial
D:2:      layout_basic
D:3:      minmay_inner_zag, layout_loops_cross, mrwooster_statue_mirror,
          hangedman_decor_growths, uniq_crazy_yiuf_cottage
D:4:      layout_loops_cross, lemuel_crystal_altar, serial_shops,
          kennysheep_mini_moat, grunt_ministairs_11,
          nicolae_shop_overcharged_wands, uniq_duvessa, uniq_grinder,
          uniq_menkaure
D:5:      layout_basic, lemuel_doored_altar, minmay_joined_circles, uniq_ijyb

Skill      XL: |  1  2  3  4  5  6 |
---------------+-------------------+-----
Maces & Flails | 3 4 5 |  5.5
Dodging        | 3 |  3.9
Fighting       | 3 |  3.8
Stealth        | 2 |  2.3
Unarmed Combat | |  0.1

Action                   |  1- 3 |  4- 6 |  7- 9 || total
-------------------------+-------+-------+-------++-------
Melee: Mace              |    66 |       |       ||    66
       Punch             |     3 |       |       ||     3
       Whip              |    53 |    90 |    39 ||   182
       Unarmed           |       |       |     7 ||     7
 Stab: Sleeping          |     2 |     3 |     1 ||     6
Armor: Robe              |    67 |    36 |    10 ||   113
       Skin              |       |       |     1 ||     1
Dodge: Dodged            |    94 |    47 |    23 ||   164
